 Dungeon Crawl Stone Soup version 0.14-b1-49-gc72db44 (webtiles) character file.

120 Sachiko the Charmwright (level 3, 27/27 HPs)
             Began as a Merfolk Skald on Apr 8, 2014.
             Quit the game on Level 2 of the Dungeon.
             The game lasted 00:04:41 (1518 turns).

Sachiko the Charmwright (Merfolk Skald)             Turns: 1518, Time: 00:04:43

HP  27/27        AC  5     Str 12      XL: 3   Next: 79%
MP   6/6         EV 10     Int 12      God:
Gold 70          SH  0     Dex 13      Spells:  3 memorised,  0 levels left

rFire  . . .     SeeInvis .     a - +0,+1 falchion
rCold  . . .     Clarity  .     b - +1 leather armour
rNeg   . . .     Conserve .     (no shield)
rPois  .         rCorr    .     (no helmet)
rElec  .         rRot     .     (no cloak)
SustAb . .       Spirit   .     h - +0 pair of gloves
rMut   .         Warding  .     (no boots)
Saprov . . .     Stasis   .     (no amulet)
MR     .....                    (no ring)
                                (no ring)

@: not resistant to hostile enchantments, very unstealthy
A: change form in water, swift swim
a: no special abilities


You were on level 2 of the Dungeon.
You were not hungry.

You visited 1 branch of the dungeon, and saw 2 of its levels.

You collected 70 gold pieces.

Inventory:

Hand weapons
 a - a +0,+1 falchion (weapon)
Armour
 b - a +1 leather armour (worn)
 h - a +0 pair of gloves (worn)
Comestibles
 d - a bread ration
 i - a pear
 k - an apple
 n - a chunk of worm flesh
Scrolls
 e - a scroll of remove curse
 f - 4 scrolls of identify
Jewellery
 j - an uncursed ring of ice
Potions
 g - 2 potions of haste
 m - a potion of curing
Books
 c - a book of Battle

   Spells                             Type                      Level
   *Infusion                          Charms                       1
   Shroud of Golubria                 Charms/Translocation         2
   *Song of Slaying                   Charms                       2
   Spectral Weapon                    Hexes/Charms                 3
   *Regeneration                      Charms/Necromancy            3


   Skills:
 - Level 2.1 Fighting
 - Level 2.1 Long Blades
 - Level 0.6 Armour
 - Level 1.3 Dodging
 - Level 2.0 Spellcasting
 + Level 5.0 Charms


You couldn't memorise any spells.
You knew the following spells:

 Your Spells              Type           Power        Failure   Level  Hunger
a - Infusion              Chrm           ##....       3%          1    ##.....
b - Song of Slaying       Chrm           ##......     6%          2    ###....
c - Regeneration          Chrm/Necr      #.........   30%         3    ####...


Dungeon Overview and Level Annotations

Branches:
Dungeon (2/15)

Altars:
Yredelemnul


Message History

Confirm with . or Enter, or press ? or * to list all spells.
Okay, then.
You barely miss the kobold. The kobold barely misses you.
You hit the kobold.
You kill the kobold!
You see here a kobold corpse.
Memorise Regeneration, consuming 3 spell levels and leaving 0? [Y]es or [N]o only, please.
Memorise Regeneration, consuming 3 spell levels and leaving 0? [Y]es or [N]o only, please.
Memorise Regeneration, consuming 3 spell levels and leaving 0?
You start memorising the spell.
You continue memorising.
You continue memorising. x2
HP restored.
You finish memorising.
Autopickup is now off.
Saving game... please wait.
Welcome back, Sachiko the Merfolk Skald.
Press ? for a list of commands and other information.
Are you sure you want to abandon this character and quit the game? (Confirm with "yes".)

.## #...# .....# # #...#
......# .# #...# ......# .#
#...## .....#.. #...##
####...#. #...#. ........ #
+...'. ####...##.# #...#.
#...<..@..# ##...##
#.###.###.# #....##
#.#####.#.......###### #.#####
#....................###.#####
#######.###...................
#####.#######.####.#########
#.............# #.#########
#.............# #.#........
#.............# #.#.#######


There were no monsters in sight!

Vanquished Creatures
  2 adders (D:2)
  A worm (D:2)
  A giant gecko (D:1)
  2 bats
  A giant cockroach (D:2)
  3 goblins
  4 hobgoblins
  3 ball pythons
  3 giant newts (D:1)
  4 kobolds
  9 rats
33 creatures vanquished.

Notes
Turn   | Place    | Note
--------------------------------------------------------------
     0 | D:1      | Sachiko, the Merfolk Skald, began the quest for the Orb.
     0 | D:1      | Reached XP level 1. HP: 16/16 MP: 3/3
    64 | D:1      | Reached XP level 2. HP: 5/22 MP: 0/4
   145 | D:1      | Reached skill level 4 in Charms
   509 | D:1      | Learned a level 2 spell: Song of Slaying
   680 | D:2      | Found a basalt altar of Yredelemnul.
  1209 | D:2      | Reached XP level 3. HP: 24/27 MP: 6/6
  1376 | D:2      | Reached skill level 5 in Charms
  1518 | D:2      | Learned a level 3 spell: Regeneration
  1518 | D:2      | Quit the game

Action                   || total
-------------------------++-------
Melee: Falchion          ||   124
 Cast: Infusion          ||     1
       Song of Slaying   ||     2
  Use: Scroll            ||     8
       Potion            ||     2
